 Dungeon Sprint DCSS version 0.17-a0-1248-g117de50 (webtiles) character file.

1000 Kidiri the Basher (level 8, -5/138 HPs)
             Began as a Troll Berserker on June 5, 2015.
             Was a Priest of Trog.
             Slain by a kraken (25 damage)
             ... in the Dungeon (Sprint II: "The Violet Keep of Menkaure").
             The game lasted 00:02:52 (525 turns).

Kidiri the Basher (Troll Berserker)                  Turns: 525, Time: 00:02:53

Health: -5/138     AC:  5    Str: 33    XL:     8   Next: 0%
Magic:  7/7        EV: 12    Int:  3    God:    Trog [***...]
Gold:   972        SH:  0    Dex:  9    Spells: 0 memorised, 7 levels left

rFire  . . .     SeeInvis .     a - +0 mace
rCold  . . .     Clarity  .     b - +0 animal skin
rNeg   . . .     SustAt   .     (no shield)
rPois  .         Gourm    +     (helmet restricted)
rElec  .         Spirit   .     (no cloak)
rCorr  .         Warding  .     (gloves unavailable)
rMut   .         NoTele   +     (boots unavailable)
MR     .....                    (no amulet)
Stlth  ..........               (no ring)
                                (no ring)

@: berserking, very quick, not resistant to hostile enchantments, extremely
unstealthy
A: unfitting armour, claws 3, fast metabolism 3, gourmand, regeneration 2,
shaggy fur 1, tough skin 2
a: Burn Spellbooks, Berserk, Trog's Hand, Renounce Religion


You were in the Dungeon.
You worshipped Trog.
Trog was most pleased with you.
You were not hungry.

You visited 1 branch You collected 972 gold pieces.

Inventory:

Hand weapons
 a - a +0 mace (weapon)
 j - a +4 spear
Armour
 b - a +0 animal skin (worn)
Scrolls
 i - a scroll of blinking
Potions
 e - a potion of heal wounds
 f - a potion of haste
 g - 2 potions of magic
 h - a potion of berserk rage


   Skills:
 * Level 9.0 Fighting
 * Level 9.6 Maces & Flails
 * Level 9.0 Dodging


You had 7 spell levels left.
You didn't know any spells.

Dungeon Overview and Level Annotations

Branches:
Dungeon (1/1)

Altars:

Shops:
D ?=


Innate Abilities, Weirdness & Mutations

You are too large for most types of armour.
You have claws for hands.
Your metabolism is lightning-fast.
You like to eat raw meat.
You heal very quickly.
You are covered in fur (AC +1).
You have very tough skin (AC +2).


Message History

HP restored.
As you open the door, it creaks loudly!
There is an open door here.
The kraken bites you. The kraken bites you!!
Found Heqoukod's Magic Scroll Boutique and Waatesas's Jewellery Shop.
Use which ability? (? or * to list)
A red film seems to cover your vision as you go berserk!
You feel yourself moving faster!
You feel mighty!
You feel somewhat more hungry. The kraken bites you!!!
You sock the kraken!
The kraken is lightly wounded.
The kraken bites you!!!
* * * LOW HITPOINT WARNING * * *
You hit the kraken.
The kraken is lightly wounded.
Tentacles burst out of the water!
You hit the kraken.
The kraken is lightly wounded.
The kraken bites you!!
You die...

+#### ≈≈≈§§≈≈##
§§§§≈§≈##
≈≈8§§§≈≈# ≈≈≈§§≈
# §≈§§
###≈≈#+++#+++##
##≈≈≈ww@......#
.#≈≈≈wX##'##..#
∩#≈≈≈w##.#.#
.#≈≈≈≈#..##.#
∩#≈≈####..#####
.#≈##.###'###.##
.#≈#...##.##...#
.+ +.#.'.<.'.##+
#...##.##...#


You could see a kraken and 4 tentacles.

Vanquished Creatures
  A siren (D)
  2 boulder beetles (D)
  4 necrophages (D)
  3 worms (D)
10 creatures vanquished.

Notes
Turn   | Place    | Note
--------------------------------------------------------------
     0 | D        | Kidiri the Troll Berserker began the quest for the Orb.
     0 | D        | Reached XP level 1. HP: 22/22 MP: 0/0
    12 | D        | Reached skill level 3 in Maces & Flails
    55 | D        | Noticed a boulder beetle
    55 | D        | Noticed a boulder beetle
    59 | D        | Noticed a necrophage
    59 | D        | Noticed a necrophage
    59 | D        | Noticed a necrophage
    59 | D        | Noticed a necrophage
    63 | D        | Killed a necrophage
    63 | D        | Reached skill level 4 in Fighting
    63 | D        | Reached skill level 5 in Maces & Flails
    63 | D        | Reached XP level 2. HP: 33/33 MP: 1/1
    63 | D        | Reached XP level 3. HP: 40/40 MP: 2/2
    63 | D        | Reached XP level 4. HP: 49/49 MP: 3/3
    72 | D        | Killed a necrophage
    72 | D        | Reached skill level 5 in Fighting
    72 | D        | Reached skill level 6 in Maces & Flails
    72 | D        | Reached skill level 5 in Dodging
    72 | D        | Reached XP level 5. HP: 58/58 MP: 4/4
    82 | D        | Killed a necrophage
    89 | D        | Killed a necrophage
    89 | D        | Reached skill level 7 in Maces & Flails
    89 | D        | Reached XP level 6. HP: 16/61 MP: 5/5
   284 | D        | Noticed a siren
   297 | D        | Killed a siren
   297 | D        | Acquired Trog's second power
   297 | D        | Reached skill level 8 in Fighting
   297 | D        | Reached XP level 7. HP: 51/73 MP: 6/6
   374 | D        | Killed a boulder beetle
   374 | D        | Reached skill level 9 in Maces & Flails
   451 | D        | Killed a boulder beetle
   494 | D        | Noticed an ice statue
   500 | D        | Reached XP level 8. HP: 80/92 MP: 7/7
   503 | D        | Noticed a kraken
   521 | D        | Found Heqoukod's Magic Scroll Boutique.
   521 | D        | Found Waatesas's Jewellery Shop.
   525 | D        | Slain by a kraken

Vault maps used:
D:        the_violet_keep_of_menkaure

Action                   |  1- 3 |  4- 6 |  7- 9 || total
-------------------------+-------+-------+-------++-------
Melee: Mace              |    10 |    37 |    37 ||    84
Invok: Berserk           |     2 |       |     3 ||     5
  Use: Potion            |       |       |     1 ||     1
  Eat: Bread ration      |       |     1 |     1 ||     2
